 Dungeon Crawl Stone Soup version 0.22-a0-305-gd21a89c (webtiles) character file.

81 grindst0ne the Gusty (level 4, -5/24 HPs)
             Began as a Tengu Air Elementalist on Mar 28, 2018.
             Slain by a goblin
             ... wielding a +0 club
             ... led by Robin
              (7 damage)
             ... on level 2 of the Dungeon.
             The game lasted 00:03:44 (1311 turns).

grindst0ne the Gusty (Tengu Air Elementalist)       Turns: 1311, Time: 00:03:44

Health: -5/24      AC:  2    Str:  9    XL:     4   Next: 42%
Magic:  3/8        EV: 13    Int: 16    God:
Gold:   155        SH:  0    Dex: 14    Spells: 3/7 levels left

rFire    . . .     SeeInvis .   l - +0 dagger
rCold    . . .     Gourm    .   (no shield)
rNeg     . . .     Faith    .   a - +0 robe
rPois    .         Spirit   .   (helmet restricted)
rElec    .         Reflect  .   (no cloak)
rCorr    .         Harm     .   (no gloves)
MR       .....                  (boots unavailable)
Stlth    ++........             i - amulet of magic regeneration
HPRegen  0.08/turn              (no ring)
MPRegen  0.36/turn              (no ring)

@: very slightly contaminated
A: beak, talons 3
a: no special abilities


You were on level 2 of the Dungeon.
You were hungry.

You visited 1 branch of the dungeon, and saw 3 of its levels.

You collected 155 gold pieces.

Inventory:

Hand Weapons
 l - a +0 dagger (weapon)
Armour
 a - a +0 robe (worn)
Jewellery
 i - an amulet of magic regeneration (around neck)
 n - an uncursed ring of poison resistance {unknown}
Scrolls
 b - a scroll of fog {unknown}
 e - 2 scrolls of magic mapping {unknown}
 g - a scroll of enchant armour {unknown}
 j - 6 scrolls of identify {unknown}
 o - 2 scrolls of remove curse {unknown}
Potions
 d - a potion of might {unknown}
 f - a potion of invisibility {unknown}
 k - 2 potions of lignification {unknown}
 m - a potion of curing {unknown}
Comestibles
 c - 6 rations


   Skills:
 + Level 3.3 Dodging
 - Level 2.0 Stealth
 - Level 2.0 Spellcasting
 + Level 3.3 Conjurations
 + Level 5.1 Air Magic


You had 3 spell levels left.
You knew the following spells:

 Your Spells              Type           Power        Failure   Level  Hunger
a - Shock                 Conj/Air       ###.         3%          1    #......
b - Static Discharge      Conj/Air       ###.....     11%         3    ###....


Dungeon Overview and Level Annotations

Branches:
Dungeon (3/15)

Altars:
Wu Jian

Annotations:
D:3 Robin


Innate Abilities, Weirdness & Mutations

You have a beak for a mouth.
You have claws for feet.


Message History

A goblin comes into view.
The kobold barely misses you. The goblin closely misses you.
The dart slug barely misses you. The goblin barely misses you.
The goblin closely misses you. The hobgoblin hits you with a club.
* * * LOW HITPOINT WARNING * * *
You climb upwards.
There is a stone staircase leading down here.
Sorry, you're not good enough to have a special ability.
Casting: Shock (safe; 3% risk of failure)
Confirm with . or Enter, or press ? or * to list all spells.
The goblin is struck by lightning.
You kill the goblin!
The lightning arcs!
The kobold is struck by lightning.
You kill the kobold!
The lightning grounds out.
The dart slug is struck by lightning.
You kill the dart slug!
The lightning arcs!
The hobgoblin is struck by lightning.
You kill the hobgoblin!
The lightning grounds out.
The goblin hits you with a club!
You die...

###
#.#....#..........
##.#'##.#......[..#
#(.................
#.....#.#.######...
#.....#.#.#######.†
#..................
##+#.##############
#)............# #
#@g..########.# #
#)g..########.# ##
#.............# #.
#....############.
###### #.......##.
#.......##.
#.....^.###
#..........
#####.#....


You could see 2 goblins.

Vanquished Creatures
  Jessica (D:2)
  An adder (D:2)
  A worm (D:2)
  3 dart slugs
  A leopard gecko (D:2)
  2 ball pythons
  A giant cockroach (D:2)
  5 hobgoblins
  10 kobolds
  2 bats (D:2)
  5 goblins
  6 rats
38 creatures vanquished.

Notes
Turn   | Place    | Note
-------+----------+-------------------------------------------
     0 | D:1      | grindst0ne the Tengu Air Elementalist began the quest for the Orb.
     0 | D:1      | Reached XP level 1. HP: 10/10 MP: 4/4
   200 | D:1      | Reached XP level 2. HP: 14/15 MP: 3/6
   605 | D:2      | Noticed Jessica
   619 | D:2      | Killed Jessica
   619 | D:2      | Reached XP level 3. HP: 19/19 MP: 4/7
   733 | D:2      | Learned a level 3 spell: Static Discharge
  1018 | D:2      | Found an ornate altar of the Wu Jian Council.
  1020 | D:2      | Reached XP level 4. HP: 24/24 MP: 6/8
  1041 | D:2      | Reached skill level 5 in Air Magic
  1303 | D:3      | Noticed Robin
  1311 | D:2      | Slain by a goblin

Vault maps used:
D:1:      nzn_arrival_depleted_hourglass, serial_corexii_hall,
          corexii_hall_statues_i, corexii_hall_statues_l,
          corexii_hall_statues_i, corexii_hall_statues_l
D:2:      nicolae_overflow_hidden_temple, first_ration, amethyst_killhole,
          uniq_jessica
D:3:      lemuel_doored_altar, amethyst_overflow_temple_binary,
          uniq_crazy_yiuf_cottage, uniq_robin, uniq_terence, uniq_purgy,
          uniq_grinder

Skill      XL: |  1  2  3  4 |
---------------+-------------+-----
Conjurations   | 2 3 |  3.3
Dodging        | 3 |  3.3
Air Magic      | 5 |  5.1
Stealth        | |  2.0
Spellcasting   | |  2.0

Action                   |  1- 3 |  4- 6 || total
-------------------------+-------+-------++-------
Melee: Unarmed           |     6 |       ||     6
       Kick              |     5 |       ||     5
       Dagger            |     4 |       ||     4
 Cast: Shock             |    64 |    14 ||    78
       Static Discharge  |       |     1 ||     1
  Eat: Chunk             |     1 |     1 ||     2
Armor: Robe              |     2 |     2 ||     4
Dodge: Dodged            |     5 |    11 ||    16

Table legend:
 A = Spawn XP
 B = Non-spawn XP
 C = Spawn XP percentage of total XP
 D = Spawn monster count
 E = Non-spawn monster count
 F = Spawn count percentage of total count
 G = Total turns spent on level
                    A         B        C        D         E        F      G
               +---------+---------+-------+---------+---------+-------+---------
         Total |       0 |     117 |   0.0 |       0 |      38 |   0.0 |  1311
               +---------+---------+-------+---------+---------+-------+---------
           D:1 |       0 |      22 |   0.0 |       0 |      13 |   0.0 |   570
           D:2 |       0 |      93 |   0.0 |       0 |      24 |   0.0 |   734
           D:3 |       0 |       2 |   0.0 |       0 |       1 |   0.0 |     7
               +---------+---------+-------+---------+---------+-------+---------
